 Dungeon Crawl Stone Soup version 0.30-a0-629-gd54f4be4f7 (webtiles) character file.

Game seed: 3618384762100789127

410 SkeletonJelly the Slasher (level 7, -10/52 HPs)
             Began as a Human Monk on Jan 12, 2023.
             Was a Believer of Nemelex Xobeh.
             Mangled by Duvessa
             ... wielding a +0 rapier
              (13 damage)
             ... on level 4 of the Dungeon.
             The game lasted 00:07:36 (2990 turns).

SkeletonJelly the Slasher (Human Monk)              Turns: 2990, Time: 00:07:37

Health: -10/52     AC:  6    Str: 12    XL:     7   Next: 13%
Magic:  7/7        EV: 16    Int: 10    God:    Nemelex Xobeh [**....]
Gold:   210        SH:  0    Dex: 17    Spells: 6/6 levels left

rFire   . . .      SeeInvis .    a - +0 falchion
rCold   . . .      Faith    .    (no shield)
rNeg    . . .      Spirit   .    t - +0 ring mail
rPois   .          Reflect  .    (no helmet)
rElec   .          Harm     .    u - +0 cloak
rCorr   .          Rampage  .    (no gloves)
Will    .....                    (no boots)
Stlth   +                        (no amulet)
HPRegen 0.28/turn                e - +5 ring of evasion
MPRegen 0.10/turn                (no ring)

@: about to teleport
A: no striking features
a: Renounce Religion, Draw Escape, Draw Destruction, Draw Summoning


You were on level 4 of the Dungeon.
You worshipped Nemelex Xobeh.
Nemelex Xobeh was pleased with you.
You visited 1 branch of the dungeon, and saw 4 of its levels.

You collected 210 gold pieces.

Inventory:

Hand Weapons
 a - a +0 falchion (weapon)
 i - a +1 antimagic dagger
 v - a +4 quarterstaff of chaos
Armour
 b - a +0 robe
 t - a +0 ring mail (worn)
 u - a +0 cloak (worn)
Jewellery
 e - a +5 ring of evasion (left hand)
 s - an amulet of magic regeneration
Wands
 o - a wand of iceblast (3)
 w - a wand of flame (24)
Scrolls
 d - a scroll of blinking {unknown}
 g - a scroll of fear
 h - a scroll of brand weapon {unknown}
 j - a scroll of vulnerability {unknown}
 m - a scroll of poison {unknown}
 p - a scroll of teleportation
 q - a scroll of enchant weapon {unknown}
Potions
 c - a potion of ambrosia
 f - a potion of curing {unknown}
 k - a potion of haste {unknown}
 l - a potion of attraction {unknown}
 n - a potion of flight {unknown}
 r - 2 potions of heal wounds {unknown}


   Skills:
 - Level 3.0 Fighting
 + Level 7.5 Long Blades
 - Level 3.0 Dodging
 - Level 2.0 Stealth


You had 6 spell levels left.
You didn't know any spells.
Your spell library contained the following spells:

 Spells                   Type           Power      Damage    Failure   Level
 Freeze                   Ice            0%         1d3       65%         1
 Gell's Gravitas          Tloc           0%         N/A       95%         3
 Teleport Other           Tloc           0%         N/A       95%         3
 Dispersal                Tloc           0%         N/A       100%        6


Dungeon Overview and Level Annotations

Branches:
Dungeon (4/15)
 Temple: D:4-7

Altars:
Nemelex Xobeh
Qazlal
Trog
Vehumet

Shops:
D:1 *

Annotations:
D:4 Duvessa


Message History

You see here the felid corpse of Natasha.
Found a stone staircase leading down.
Health restored: 52
There is a stone staircase leading down here.
Found an escape hatch in the ceiling.
You feel yourself speed up.
Found a ring mail.
You see here a +0 ring mail.
An endoplasm comes into view.
Found 4 stones.
Found a stone staircase leading down.
The endoplasm quivers.
An endoplasm is nearby!
The endoplasm barely misses you.
You hit the endoplasm.
The endoplasm is lightly wounded.
The endoplasm freezes you.
You are frozen.
You take 1 damage, and have 51/52 hp.
You hit the endoplasm.
The endoplasm is heavily wounded.
The endoplasm completely misses you.
You slash the endoplasm!
You kill the endoplasm!
No target in view!
No target in view!
No target in view!
No target in view!
A worm comes into view.
Health restored: 52 A worm is nearby!
A worm is nearby!
The worm bites you.
You take 5 damage, and have 47/52 hp.
You hit the worm but do no damage. You hit the worm.
The worm is moderately wounded.
The worm bites you!
You take 9 damage, and have 38/52 hp.
You hit the worm.
The worm is heavily wounded.
You hit the worm.
The worm is severely wounded.
The worm barely misses you.
You hit the worm.
The worm is severely wounded.
You slash the worm!
You kill the worm!
No target in view!
No target in view!
No target in view!
Key pressed, stopping explore.
Key pressed, stopping explore.
You see here a +0 ring mail.
Key pressed, stopping explore.
You see here a hobgoblin skeleton.
You see here a +3 dagger.
Health restored: 52 As you open the door, it creaks loudly!
You hear a shout!
Duvessa goes berserk!
There is an open door here.
Duvessa is nearby!
Duvessa is nearby!
Aiming: Iceblast
Press: ? - help, Shift-Dir - straight line, f - Duvessa
Aim: Duvessa, wielding a +0 rapier, wearing a +0 chain mail and quivering poisoned darts (berserk)
The mass of ice explodes!
The iceblast engulfs Duvessa.
Duvessa is lightly wounded.
Aiming: Iceblast
Press: ? - help, Shift-Dir - straight line, f/p - Duvessa
Aim: Duvessa, wielding a +0 rapier, wearing a +0 chain mail and quivering poisoned darts (lightly wounded, berserk)
The mass of ice explodes!
The iceblast engulfs Duvessa.
Duvessa is lightly wounded.
Aiming: Iceblast
Press: ? - help, Shift-Dir - straight line, f/p - Duvessa
Aim: Duvessa, wielding a +0 rapier, wearing a +0 chain mail and quivering poisoned darts (lightly wounded, berserk)
The mass of ice explodes!
The iceblast engulfs Duvessa!
Duvessa is moderately wounded.
Duvessa hits you with a +0 rapier!
You take 16 damage, and have 36/52 hp.
MASSIVE DAMAGE!!
Okay, then.
Unknown command.
As you read the scroll labelled KAMOKE ZAANKI, it crumbles to dust.
You assume a fearsome visage.
Duvessa is unaffected.
It was a scroll of fear.
Duvessa barely misses you.
Okay, then.
As you read the scroll labelled SAOPAN PYUR, it crumbles to dust.
You feel strangely unstable.
It was a scroll of teleportation.
Duvessa hits you with a +0 rapier! Duvessa misses you.
You take 12 damage, and have 24/52 hp.
MASSIVE DAMAGE!!
Duvessa attacks as you move away! Duvessa hits you with a +0 rapier!
* * * LOW HITPOINT WARNING * * *
You take 15 damage, and have 9/52 hp.
MASSIVE DAMAGE!!
Duvessa attacks as you move away! Duvessa completely misses you.
Duvessa hits you with a +0 rapier!
* * * LOW HITPOINT WARNING * * *
You take 6 damage, and have 3/52 hp.
Duvessa attacks as you move away! Duvessa barely misses you.
Duvessa attacks as you move away! Duvessa hits you with a +0 rapier!
You die...
Your body glows slightly and disappears.

#.##...######
#.###### #.#
#.... #.#
#.... #.#
#.... #.#
#.... #.#
#.... #.#
#.... #@#
#....##e#
#....'..#
#....####
#####


You could see Duvessa (berserk).

Vanquished Creatures
  Pargi (D:4)
  Dowan (D:4)
  Crazy Yiuf (D:2)
  Jessica (D:2)
  Ijyb (D:3)
  Natasha (twice) (D:4)
  A gnoll (D:1)
  5 adders
  2 worms
  3 dart slugs
  An orc (D:3)
  3 bats (D:1)
  5 endoplasms
  6 giant cockroaches
  8 goblins
  10 hobgoblins
  4 jackals (D:1)
  9 ball pythons
  8 frilled lizards
  6 kobolds
  4 rats
82 creatures vanquished.

Vanquished Creatures (others)
  11 plants
11 creatures vanquished.

Grand Total: 93 creatures vanquished

Notes
Turn   | Place    | Note
-------+----------+-------------------------------------------
     0 | D:1      | SkeletonJelly the Human Monk began the quest for the Orb.
     0 | D:1      | Reached XP level 1. HP: 18/18 MP: 1/1
   138 | D:1      | Reached XP level 2. HP: 24/24 MP: 2/2
   239 | D:1      | Found a faded altar of an unknown god.
   244 | D:1      | Got Plato's Spellbook of Algor
   276 | D:1      | Reached skill level 4 in Long Blades
   276 | D:1      | Reached XP level 3. HP: 29/29 MP: 3/3
   559 | D:1      | Reached XP level 4. HP: 31/35 MP: 4/4
   585 | D:1      | Found Gowke's Assorted Antiques.
   984 | D:2      | Reached skill level 5 in Long Blades
  1014 | D:2      | Noticed Jessica
  1029 | D:2      | Killed Jessica
  1030 | D:2      | Reached XP level 5. HP: 17/41 MP: 5/5
  1304 | D:2      | Found a runed translucent door.
  1305 | D:2      | Noticed Crazy Yiuf
  1420 | D:3      | Noticed Ijyb
  1445 | D:3      | Killed Ijyb
  1862 | D:3      | Reached skill level 6 in Long Blades
  2343 | D:4      | Found a radiant altar of Vehumet.
  2345 | D:4      | Found a stormy altar of Qazlal.
  2379 | D:4      | Found a sparkling altar of Nemelex Xobeh.
  2382 | D:4      | Found a bloodstained altar of Trog.
  2393 | D:4      | Noticed Pargi
  2399 | D:4      | Became a worshipper of Nemelex Xobeh the Trickster
  2399 | D:4      | Reached * piety under Nemelex Xobeh
  2399 | D:4      | Received a gift from Nemelex Xobeh
  2399 | D:4      | Reached ** piety under Nemelex Xobeh
  2402 | D:4      | Killed Pargi
  2403 | D:4      | Reached XP level 6. HP: 45/47 MP: 6/6
  2413 | D:4      | Noticed Duvessa
  2413 | D:4      | Noticed Dowan
  2484 | D:2      | Killed Crazy Yiuf
  2524 | D:4      | Killed Dowan
  2525 | D:4      | Reached skill level 7 in Long Blades
  2727 | D:4      | Noticed Natasha
  2766 | D:4      | Killed Natasha
  2767 | D:4      | Reached XP level 7. HP: 52/52 MP: 7/7
  2772 | D:4      | Noticed Natasha
  2781 | D:4      | Killed Natasha
  2990 | D:4      | Mangled by Duvessa

Illustrated notes

Levels and vault maps discovered:
D:1:      amcnicky_arrival_flooded_fountain, layout_rooms,
          shapermc_ecumenical_altar_rom_forum, serial_shops,
          nicolae_square_shop, nicolae_grassy_gnolls
D:2:      layout_rooms, serial_bayou_lake_a, uniq_crazy_yiuf_cottage,
          uniq_jessica
D:3:      layout_loops_ring, uniq_ijyb
D:4:      layout_basic, mainiacjoe_overflow_catwalk_spiral,
          nicolae_overflow_squiral, uniq_duvessa, uniq_pargi, uniq_natasha

Skill      XL: |  1  2  3  4  5  6 |
---------------+-------------------+-----
Long Blades    | 4 5 6 7 |  7.5
Fighting       | |  3.0
Dodging        | |  3.0
Stealth        | |  2.0

Action                   |  1- 3 |  4- 6 |  7- 9 || total
-------------------------+-------+-------+-------++-------
Melee: Falchion          |    83 |   159 |    12 ||   254
       Punch             |     2 |     1 |       ||     3
Invok: Draw Destruction  |       |     4 |       ||     4
Evoke: Wand              |       |     2 |     3 ||     5
  Use: Scroll            |       |       |     2 ||     2
 Stab: Sleeping          |     6 |     8 |       ||    14
Armor: Robe              |    18 |     8 |       ||    26
       Ring mail         |       |    13 |       ||    13
Dodge: Dodged            |   110 |   113 |     8 ||   231

Table legend: (Time is in decaauts)
 A = Elapsed time spent in this place.
 B = Non-inter-level travel time spent in this place.
 C = Inter-level travel time spent in this place.
 D = Time resting spent in this place.
 E = Time spent auto-exploring this place.
 F = Levels seen in this place.
 G = Mean time per level.
                   A        B        C        D        E       F      G
               +--------+--------+--------+--------+--------+-----+--------+
         Total |   3033 |   2844 |    189 |      4 |   2048 |   4 |  758.2 |
       Dungeon |   3033 |   2844 |    189 |      4 |   2048 |   4 |  758.2 |
               +--------+--------+--------+--------+--------+-----+--------+

Top non-repeatable levels by time:
     D:3: 963 daAuts
     D:2: 869 daAuts
     D:1: 664 daAuts
     D:4: 535 daAuts
